 Dungeon Crawl Stone Soup version 0.23.2-11-gf996548c65 (webtiles) character file.

Game seed: 1315335515673519894

784 Heatsaber the Cutter (level 7, 0/36 HPs)
             Began as a Vine Stalker Skald on June 5, 2019.
             Succumbed to an orc's poison
             ... on level 4 of the Dungeon.
             The game lasted 00:18:08 (3394 turns).

Heatsaber the Cutter (Vine Stalker Skald)           Turns: 3394, Time: 00:18:09

Health: 0/36       AC: 12    Str: 16    XL:     7   Next: 86%
Magic:  11/11      EV:  7    Int: 16    God:
Gold:   193        SH:  0    Dex: 13    Spells: 5/10 levels left

rFire    . . .     SeeInvis .   a - +0 short sword
rCold    . . .     Gourm    .   (no shield)
rNeg     + . .     Faith    .   w - +0 chain mail
rPois    .         Spirit   +   t - +2 helmet {Int+3}
rElec    .         Reflect  .   (no cloak)
rCorr    .         Harm     .   (no gloves)
MR       .....                  (no boots)
Stlth    ..........             h - amulet of rage
HPRegen  0.52/turn              f - ring of positive energy
MPRegen  0.12/turn              z - ring of flight

@: lethally poisoned (0 -> -35), berserk cooldown, slowed, very slow
A: fangs 2, regeneration 1, magic shield, antimagic bite, no potion heal 3, rot
immunity
a: Evoke Berserk Rage, Evoke Flight


You were on level 4 of the Dungeon.
You were very hungry.

You visited 1 branch of the dungeon, and saw 4 of its levels.

You collected 193 gold pieces.

Inventory:

Hand Weapons
 a - a +0 short sword (weapon)
Missiles
 c - 2 tomahawks (quivered)
 p - 2 needles of frenzy
 A - 14 poisoned needles
Armour
 i - a +0 scale mail
 t - a +2 helmet of intelligence (worn)
 w - a +0 chain mail (worn)
Magical Staves
 B - an uncursed staff of wizardry
Jewellery
 f - a ring of positive energy (left hand)
 h - an amulet of rage (around neck)
 z - a ring of flight (right hand)
Wands
 r - a wand of disintegration (12)
 u - a wand of acid (5)
Scrolls
 e - 2 scrolls of enchant armour
 g - a scroll of blinking {unknown}
 l - a scroll of teleportation
 m - 5 scrolls of amnesia
 n - 2 scrolls of enchant weapon {unknown}
 o - a scroll of magic mapping {unknown}
 s - a scroll of remove curse
 y - a scroll of immolation
Potions
 b - a potion of agility {unknown}
 j - a potion of cancellation
 q - a potion of curing {unknown}
 v - a potion of flight {unknown}
 x - a potion of lignification {unknown}
Comestibles
 d - 6 rations
 k - 9 chunks of flesh


   Skills:
 - Level 3.0 Fighting
 * Level 6.2 Short Blades
 + Level 3.7 Armour
 - Level 1.5 Dodging
 - Level 2.1 Spellcasting
 - Level 3.0 Charms


You had 5 spell levels left.
You knew the following spells:

 Your Spells              Type           Power        Failure   Level  Hunger
a - Infusion              Chrm           ##..         69%         1    #......
b - Song of Slaying       Chrm           ##......     83%         2    ###....
c - Shroud of Golubria    Chrm/Tloc      #.........   95%         2    ###....

Your spell library contained the following spells:

 Spells                   Type           Power        Failure   Level  Hunger
 Animate Skeleton         Necr           N/A          98%         1    #......
 Pain                     Necr           #...         98%         1    #......
 Regeneration             Chrm/Necr      #.........   99%         3    ###....
 Spectral Weapon          Hex/Chrm       #.......     99%         3    ###....
 Vampiric Draining        Necr           #.........   100%        3    ###....
 Animate Dead             Necr           N/A          100%        4    #####..


Dungeon Overview and Level Annotations

Branches:
Dungeon (4/15)
 Temple: D:4-7

Altars:
Gozag
Qazlal
Xom


Innate Abilities, Weirdness & Mutations

You have extremely sharp teeth.
Your natural rate of healing is unusually fast.
When hurt, damage is shared between your health and your magic reserves.
Your bite disrupts and absorbs the magic of your enemies.
Potions cannot restore your health.
You are immune to rotting.


Message History

* * * LOW HITPOINT WARNING * * *
You feel very sick. The orc hits you but does no damage.
You are more poisoned.
Unknown command.
You feel yourself speed up.
* * * LOW HITPOINT WARNING * * *
You feel very sick.
The orc wizard casts a spell.
The orc wizard blinks!
The orc closely misses you.
The orc wizard casts a spell.
The orc wizard blinks!
Unknown command.
You feel a strong urge to attack something.
* * * LOW HITPOINT WARNING * * *
You feel very sick.
You are no longer berserk.
You are exhausted.
You feel yourself slow down.
You die...

##..........<...#.(
#...(.............
#................. ##.
#.......o......# .....+
#..............# #./...#
#..............# #.[...#
##.............####.....#
.............[).........#
###......oo####@........##
####......ooo............##
.........####o....##...[..#
###.......###......####.#
#.......#..o....÷÷....#
#................###÷.###
##................##<...#
##...#...........##........
#####...........#.......##


You could see an orc priest, 2 orc wizards and 3 orcs.

Vanquished Creatures
  A hornet (D:4)
  Sigmund (D:3)
  A howler monkey (D:4)
  2 orc priests (D:3)
  A hound (D:4)
  Jessica (D:2)
  Natasha (twice) (D:4)
  Terence (D:2)
  A worker ant (D:4)
  Robin (D:2)
  6 adders
  2 oozes (D:3)
  2 worms
  2 dart slugs
  2 leopard geckos
  6 orcs (D:3)
  5 giant cockroaches
  15 goblins
  12 hobgoblins
  7 jackals
  A quokka (D:3)
  5 bats
  6 frilled lizards
  5 kobolds
  8 rats
96 creatures vanquished.

Notes
Turn   | Place    | Note
-------+----------+-------------------------------------------
     0 | D:1      | Heatsaber the Vine Stalker Skald began the quest for the
                  | Orb.
     0 | D:1      | Reached XP level 1. HP: 11/11 MP: 4/4
    49 | D:1      | Reached skill level 2 in Short Blades
    53 | D:1      | Reached skill level 1 in Armour
    83 | D:1      | Reached XP level 2. HP: 1/15 MP: 0/6
   445 | D:1      | Learned a level 2 spell: Song of Slaying
   448 | D:1      | Learned a level 2 spell: Shroud of Golubria
   750 | D:1      | Found a shimmering altar of Xom.
  1295 | D:2      | Reached XP level 3. HP: 14/18 MP: 3/7
  1737 | D:2      | Found a stormy altar of Qazlal.
  2033 | D:2      | Reached skill level 3 in Short Blades
  2033 | D:2      | Gained mutation: Your natural rate of healing is unusually
                  | fast. [Vine Stalker growth]
  2033 | D:2      | Reached XP level 4. HP: 23/23 MP: 8/8
  2191 | D:2      | Noticed Jessica
  2198 | D:2      | Killed Jessica
  2202 | D:2      | Noticed Terence
  2249 | D:2      | Killed Terence
  2282 | D:2      | Noticed Robin
  2292 | D:2      | Killed Robin
  2292 | D:2      | Reached XP level 5. HP: 26/27 MP: 7/9
  2443 | D:3      | Found an opulent altar of Gozag.
  2614 | D:3      | Reached skill level 4 in Short Blades
  2686 | D:3      | Reached XP level 6. HP: 32/32 MP: 10/10
  2753 | D:3      | Noticed Sigmund
  2767 | D:3      | Killed Sigmund
  2767 | D:3      | Reached skill level 5 in Short Blades
  3222 | D:4      | Noticed Natasha
  3231 | D:4      | Reached XP level 7. HP: 36/36 MP: 11/11
  3240 | D:4      | Killed Natasha
  3247 | D:4      | Noticed Natasha
  3301 | D:4      | Killed Natasha
  3378 | D:4      | Noticed a hornet
  3386 | D:4      | Paralysed by a hornet for 2 turns
  3391 | D:4      | Killed a hornet
  3391 | D:4      | Reached skill level 6 in Short Blades
  3393 | D:4      | HP: 2/54 [poisoned by an orc]
  3394 | D:4      | Succumbed to an orc's poison

Skill      XL: |  1  2  3  4  5  6  7 |
---------------+----------------------+-----
Short Blades   | 2 3 4 5 6 |  6.2
Armour         | 1 2 3 |  3.7
Fighting       | 2 3 |  3.0
Dodging        | |  1.5
Spellcasting   | |  2.1
Charms         | |  3.0

Action                   |  1- 3 |  4- 6 |  7- 9 || total
-------------------------+-------+-------+-------++-------
Melee: Short sword       |   153 |   167 |    43 ||   363
       Bite              |    36 |    41 |    14 ||    91
 Cast: Infusion          |    11 |       |       ||    11
 Abil: Evoke Berserk Rag |       |     5 |     1 ||     6
  Use: Potion            |     1 |       |       ||     1
       Scroll            |       |     7 |       ||     7
  Eat: Chunk             |     4 |     7 |     2 ||    13
Armor: Leather armour    |    24 |       |       ||    24
       Scale mail        |    33 |       |       ||    33
       Chain mail        |    25 |   101 |    32 ||   158
Dodge: Dodged            |    83 |    76 |    13 ||   172
